AoeStats
← TrushT

Arabia

508474411Analyzed
1v1 RM · 10d ago on Sep 22, 2026· 36m 28s· 2 players
Game mode
Random Map
Map size
Tiny (2 player)
Population
200
Speed
Normal
Resources
Standard
Victory
Conquest
Starting age
Dark Age
Ending age
Imperial Age
RankedLock teamsTeams togetherTeam positionsShared explorationLock speedFull tech treeHidden civsTurbo modeCheats
Victory
Defeat
🇭🇺 Huns · Hungary
1876
+13
🇩🇪 Dravidians · Germany
1809
-13
komeL '
5:22 Loom
9:35 Feudal Age
9:43 Man-at-Arms
10:19 Double-Bit Axe
13:03 Fletching
15:03 Padded Archer Armor
16:20 Wheelbarrow
21:09 Castle Age
21:12 Crossbowman
21:49 Bodkin Arrow
26:53 Ballistics
28:44 Devotion
30:04 Husbandry
31:17 Elite Skirmisher
32:22 Leather Archer Armor
34:16 Bow Saw
TrushT
6:55 Loom
9:15 Feudal Age
10:44 Double-Bit Axe
11:20 Horse Collar
18:50 Castle Age
17:22 Gold Mining
18:00 Fletching
18:10 Padded Archer Armor
19:36 Bodkin Arrow
21:02 Bow Saw
24:57 Wheelbarrow
27:42 Elite Skirmisher
28:55 Leather Archer Armor
29:38 Elite Skirmisher
33:34 Ballistics
34:35 Town Watch
39:12 Imperial Age
Connection lost

Rejoining the realm…

Still unreachable

The connection could not be restored.

Session expired

The server has moved on; the page needs a fresh start.